 Dungeon Crawl Stone Soup version 0.27-a0-46-g34d46f0a3f (webtiles) character file.

Game seed: 1088238110574202138

1556 Borgoz the Cutter (level 9, -2/93 HPs)
             Began as a Halfling Gladiator on Jan 7, 2021.
             Slain by a scorpion (5 damage)
             ... on level 6 of the Dungeon.
             The game lasted 00:10:01 (7264 turns).

Borgoz the Cutter (Halfling Gladiator)              Turns: 7264, Time: 00:10:02

Health: -2/93      AC: 24    Str: 15 (18) XL:     9   Next: 12%
Magic:  9/9        EV:  3    Int:  5 (6)  God:
Gold:   309        SH:  4    Dex: 13 (16) Spells: 8/8 levels left

rFire    . . .     SeeInvis .   b - +5 dagger
rCold    . . .     Faith    .   m - +0 buckler
rNeg     + + +     Spirit   .   (armour currently unavailable)
rPois    +         Reflect  .   (helmet currently unavailable)
rElec    .         Harm     .   (cloak currently unavailable)
rCorr    .         Rampage  .   (gloves currently unavailable)
Will     .....     NoTele   +   (boots currently unavailable)
Stlth    +++.......             (no amulet)
HPRegen  0.25/turn              i - ring of poison resistance
MPRegen  0.11/turn              l - +4 ring of evasion

@: tree-form, slowed, very slow
A: small, mutation resistance 1
a: no special abilities


You were on level 6 of the Dungeon.
You were a tree.
You visited 1 branch of the dungeon, and saw 6 of its levels.

You collected 309 gold pieces.

Inventory:

Hand Weapons
 a - a +0 rapier
 b - a +5 dagger (weapon)
 v - a +0 scimitar
Missiles
 d - 3 throwing nets (quivered)
Armour
 c - a +1 helmet (melded)
 e - a +0 scale mail (melded)
 h - the +0 leather armour "Laopox" {Dex+4}
   (You found it on level 5 of the Dungeon)

   It affects your dexterity (+4).
 m - a +0 buckler (worn)
 r - a +0 pair of gloves (melded)
 x - a scarf of resistance
Jewellery
 i - a ring of poison resistance (left branch)
 l - a +4 ring of evasion (right branch)
Wands
 p - a wand of paralysis (7)
 t - a wand of random effects (15)
Scrolls
 g - a scroll of remove curse
 q - 2 scrolls of enchant armour
 u - 2 scrolls of teleportation
 w - a scroll of magic mapping
Potions
 j - 3 potions of mutation
 k - a potion of cancellation
 n - 2 potions of brilliance


   Skills:
 * Level 6.1 Fighting
 + Level 6.3 Short Blades
 - Level 2.0 Throwing
 + Level 4.6 Armour
 + Level 5.7 Dodging
 + Level 4.9 Stealth


You had 8 spell levels left.
You didn't know any spells.
Your spell library contained the following spells:

 Spells                   Type           Power        Failure   Level
 Animate Skeleton         Necr           0%           65%         1
 Pain                     Necr           0%           65%         1
 Vampiric Draining        Necr           0%           95%         3
 Animate Dead             Necr           0%           100%        4
 Agony                    Necr           0%           100%        5


Dungeon Overview and Level Annotations

Branches:
Dungeon (6/15)
 Temple: D:4-7

Altars:
Elyvilon
Fedhas
Sif Muna

Shops:
D:6 =


Innate Abilities, Weirdness & Mutations

You are small and have problems with some larger weapons.
You are somewhat resistant to further mutation.


Message History

The hornet stings you but does no damage.
You barely miss the hornet.
The hornet is heavily wounded.
The hornet stings you but does no damage.
The scorpion stings you but does no damage.
You hit the hornet but do no damage.
The hornet is heavily wounded.
The hornet stings you but does no damage.
The scorpion barely misses you.
You closely miss the hornet.
The hornet is heavily wounded.
The hornet stings you!
* * * LOW HITPOINT WARNING * * *
You feel yourself slow down.
You hit the hornet but do no damage.
The hornet is heavily wounded.
The hornet stings you.
* * * LOW HITPOINT WARNING * * *
The scorpion stings you.
You die...

.... .....# # ...
......# .#.. ...... .
... #...###..
###.####...#...
#..........'...
#.#.#..s......#.......#
#...?.y♣.....#.......#
#.....####...#.......#
.......####'###........
..............#........
..<...........#........
..............#........
#####..##..##'#........
#..#####..))....###
#......'........#


You could see a hornet and a scorpion.

Vanquished Creatures
  2 steam dragons (D:5)
  An orc warrior (D:6)
  A phantom (D:5)
  2 ogres (D:5)
  A centaur (D:5)
  A bullfrog zombie (D:6)
  A quasit (D:6)
  A hound (D:5)
  3 orc priests (D:4)
  Jessica (D:3)
  3 iguanas
  Ijyb (D:4)
  6 orc wizards
  4 worker ants
  A worker ant zombie (D:5)
  13 gnolls
  An adder (D:3)
  2 white imps (D:5)
  4 adder skeletons
  2 worms
  3 dart slugs
  2 leopard geckos (D:1)
  24 orcs
  6 bats
  7 giant cockroaches
  8 goblins
  9 hobgoblins
  17 jackals
  3 quokkas
  6 frilled lizards
  A jackal skeleton (D:4)
  7 kobolds
  11 rats
155 creatures vanquished.

Vanquished Creatures (others)
  18 fungi (D:5)
  5 plants (D:1)
23 creatures vanquished.

Grand Total: 178 creatures vanquished

Notes
Turn   | Place    | Note
-------+----------+-------------------------------------------
     0 | D:1      | Borgoz the Halfling Gladiator began the quest for the Orb.
     0 | D:1      | Reached XP level 1. HP: 14/14 MP: 1/1
    73 | D:1      | Reached XP level 2. HP: 19/19 MP: 2/2
   369 | D:1      | Reached skill level 1 in Armour
   369 | D:1      | Reached skill level 1 in Stealth
   369 | D:1      | Reached XP level 3. HP: 6/25 MP: 3/3
  1128 | D:1      | Reached XP level 4. HP: 30/30 MP: 4/4
  1560 | D:2      | Reached XP level 5. HP: 27/36 MP: 5/5
  2713 | D:3      | Found a blossoming altar of Fedhas.
  2999 | D:3      | Found a shimmering blue altar of Sif Muna.
  3050 | D:3      | Reached XP level 6. HP: 40/42 MP: 6/6
  3201 | D:3      | Noticed Jessica
  3207 | D:3      | Killed Jessica
  3848 | D:4      | Reached XP level 7. HP: 48/48 MP: 7/7
  3923 | D:4      | Noticed Ijyb
  3942 | D:4      | Killed Ijyb
  4211 | D:4      | Reached skill level 5 in Short Blades
  4625 | D:5      | Entered Level 5 of the Dungeon
  4901 | D:5      | Got a dazzling leather armour
  4912 | D:5      | Identified the +0 leather armour "Laopox" {Dex+4} (You
                  | found it on level 5 of the Dungeon)
  4970 | D:5      | Reached XP level 8. HP: 28/54 MP: 8/8
  5138 | D:5      | Reached skill level 5 in Dodging
  5156 | D:5      | Reached skill level 5 in Fighting
  6184 | D:5      | HP: 2/56 [steam dragon/ball of steam (7)]
  6744 | D:6      | Found a white marble altar of Elyvilon.
  6847 | D:6      | Found Vyboh's Jewellery Emporium.
  6903 | D:6      | Reached XP level 9. HP: 20/62 MP: 9/9
  7224 | D:6      | Noticed a hornet
  7264 | D:6      | HP: 3/93 [hornet (3)]
  7264 | D:6      | Slain by a scorpion

Illustrated notes

Levels and vault maps discovered:
D:1:      saegor_arrival_miasma, layout_loops_ring, serial_forest,
          infiniplex_forest_straight_2, infiniplex_forest_clump_curved,
          infiniplex_forest_clump_cross, infiniplex_forest_lined_2,
          infiniplex_forest_zigzag_1, infiniplex_forest_clump_curved,
          infiniplex_forest_lined_corner, minmay_hedge_maze, serial_park_tiny_2,
          dk_noncrumbling_4, grunt_decor_mini_mirrors
D:2:      layout_basic, grunt_ministairs_15
D:3:      layout_basic, general_overflow_altar, led_sif_pool, uniq_jessica
D:4:      layout_basic, uniq_ijyb
D:5:      kennysheep_steamy, layout_loops_ring, hex_tiny
D:6:      lemuel_ratsnest, layout_gridville, lemuel_doored_altar,
          nicolae_overflow_crystal_walls, corexii_leaking_fountain,
          minmay_shop_enchanted_jewellery, minmay_manual_monstrance

Skill      XL: |  1  2  3  4  5  6  7  8  9 |
---------------+----------------------------+-----
Fighting       | 2 3 4 5 6 |  6.1
Armour         | 1 2 3 4 |  4.6
Stealth        | 1 2 3 4 |  4.9
Short Blades   | 4 5 6 |  6.3
Dodging        | 4 5 |  5.7
Throwing       | |  2.0

Action                   |  1- 3 |  4- 6 |  7- 9 || total
-------------------------+-------+-------+-------++-------
Melee: Rapier            |    99 |   153 |       ||   252
       Dagger            |       |   112 |   361 ||   473
Throw: Throwing net      |     1 |     2 |     6 ||     9
  Use: Potion            |     1 |     1 |     9 ||    11
       Scroll            |       |     7 |     4 ||    11
 Stab: Held in net/web   |       |     1 |     1 ||     2
       Sleeping          |       |       |     3 ||     3
Armor: Scale mail        |    40 |    49 |    92 ||   181
       Leather armour    |     2 |       |       ||     2
       Skin              |       |       |    14 ||    14
Dodge: Dodged            |    67 |   167 |   264 ||   498
Block: Buckler           |     2 |    53 |    69 ||   124

Table legend: (Time is in decaauts)
 A = Elapsed time spent in this place.
 B = Non-inter-level travel time spent in this place.
 C = Inter-level travel time spent in this place.
 D = Time resting spent in this place.
 E = Time spent auto-exploring this place.
 F = Levels seen in this place.
 G = Mean time per level.
                   A        B        C        D        E       F      G
               +--------+--------+--------+--------+--------+-----+--------+
         Total |   7154 |   6974 |    180 |   2076 |   3665 |   6 | 1192.3 |
       Dungeon |   7154 |   6974 |    180 |   2076 |   3665 |   6 | 1192.3 |
               +--------+--------+--------+--------+--------+-----+--------+

Top non-repeatable levels by time:
     D:5: 2066 daAuts
     D:2: 1323 daAuts
     D:1: 1285 daAuts
     D:4: 1121 daAuts
     D:3: 858 daAuts
     D:6: 499 daAuts
